Workbook

Sheet ARMATURENBRETT
A1: DASHBOARD FÜR MONATLICHES BUDGET
G2: Etiquetas de fila | H2: Summe des BUDGETS | I2: Summe der IST-Werte
G3: BILLS | H3: 5000 | I3: 4000
A4: ÜBRIG ZUM AUSGEBEN | B4: GESAMTEINNAHMEN | C4: GESAMTAUSGABEN | D4: DEM BUDGET ÜBERLASSEN | G4: 4000 | H4: 5000 | I4: 4000
A5: =+B5-C5 -> 2211 | B5: =+'Einnahmen- und Transaktions-Tra'!E22 -> 7000 | C5: =+'Einnahmen- und Transaktions-Tra'!I266 -> 4789 | D5: =+'Einnahmen- und Transaktions-Tra'!D22-ARMATURENBRETT!B14 -> -3300 | G5: 5000 | H5: 5000 | I5: 4000
G6: Debt | H6: 800 | I6: 450
A7: AUSGABENÜBERSICHT | G7: 450 | H7: 800 | I7: 450
G8: 800 | H8: 800 | I8: 450
A9: NAME DES BUDGETS | B9: BUDGET | C9: STRÖMUNG | D9: UNTERSCHIEDE. | G9: Expenses | H9: 7000 | I9: 4000
A10: RECHNUNGEN | B10: =+'RECHNUNGEN UND AUSGABEN'!D22 -> 5000 | C10: =+'RECHNUNGEN UND AUSGABEN'!E22 -> 4000 | D10: =+'RECHNUNGEN UND AUSGABEN'!F22 -> 1000 | G10: 4000 | H10: 7000 | I10: 4000
A11: Kosten | B11: =+'RECHNUNGEN UND AUSGABEN'!I22 -> 7000 | C11: =+'RECHNUNGEN UND AUSGABEN'!J22 -> 4000 | D11: =+'RECHNUNGEN UND AUSGABEN'!K22 -> 3000 | G11: 7000 | H11: 7000 | I11: 4000
A12: Ersparnis | B12: =+'SPAREN UND SCHULDEN.'!D22 -> 1500 | C12: =+'SPAREN UND SCHULDEN.'!E22 -> 1200 | D12: =+'SPAREN UND SCHULDEN.'!F22 -> 300 | G12: Saving | H12: 1500 | I12: 1200
A13: Schuld | B13: =+'SPAREN UND SCHULDEN.'!I22 -> 800 | C13: =+'SPAREN UND SCHULDEN.'!J22 -> 450 | D13: =+'SPAREN UND SCHULDEN.'!K22 -> 350 | G13: 1200 | H13: 1500 | I13: 1200
A14: Gesamt | B14: =SUM(B10:B13) -> 14300 | C14: =SUM(C10:C13) -> 9650 | D14: =SUM(D10:D13) -> 4650 | G14: 1500 | H14: 1500 | I14: 1200
G15: Total | H15: 14300 | I15: 9650
G16: 9650 | H16: 14300 | I16: 9650
G17: 14300 | H17: 14300 | I17: 9650
G18: Total general | H18: 28600 | I18: 19300

Sheet RECHNUNGEN UND AUSGABEN
A1: DETAILS ZU RECHNUNGEN UND AUSGABEN
A4: DETAILS ZU DEN RECHNUNGEN | H4: KOSTEN
A5: NAME DER RECHNUNGEN | B5: Column1 | C5: DUE | D5: BUDGET | E5: STRÖMUNG | F5: UNTERSCHIEDE. | H5: NAME DER AUSGABEN | I5: BUDGET | J5: STRÖMUNG | K5: UNTERSCHIEDE.
A6: NACH | D6: 5000 | E6: 4000 | F6: =IF(A6="","",D6-E6) -> 1000 | H6: Lebensmittel | I6: 4000 | J6: 2000 | K6: =IF(H6="","",I6-J6) -> 2000
F7: =IF(A7="","",D7-E7) | H7: Essen gehen | I7: 3000 | J7: 2000 | K7: =IF(H7="","",I7-J7) -> 1000
F8: =IF(A8="","",D8-E8) | H8: Brennstoff | I8: 0 | J8: =IF(H8="","",SUMIF($G$38:$G$998,$I8,$D$38:$D$998)) -> 0 | K8: =IF(H8="","",I8-J8) -> 0
F9: =IF(A9="","",D9-E9) | H9: Einkaufen | I9: 0 | J9: =IF(H9="","",SUMIF($G$38:$G$998,$I9,$D$38:$D$998)) -> 0 | K9: =IF(H9="","",I9-J9) -> 0
F10: =IF(A10="","",D10-E10) | H10: Heim | I10: 0 | J10: =IF(H10="","",SUMIF($G$38:$G$998,$I10,$D$38:$D$998)) -> 0 | K10: =IF(H10="","",I10-J10) -> 0
F11: =IF(A11="","",D11-E11) | H11: Geschenke | I11: 0 | J11: =IF(H11="","",SUMIF($G$38:$G$998,$I11,$D$38:$D$998)) -> 0 | K11: =IF(H11="","",I11-J11) -> 0
F12: =IF(A12="","",D12-E12) | H12: Haustiere | I12: 0 | J12: =IF(H12="","",SUMIF($G$38:$G$998,$I12,$D$38:$D$998)) -> 0 | K12: =IF(H12="","",I12-J12) -> 0
F13: =IF(A13="","",D13-E13) | H13: Gesundheit/Medizin | I13: 0 | J13: =IF(H13="","",SUMIF($G$38:$G$998,$I13,$D$38:$D$998)) -> 0 | K13: =IF(H13="","",I13-J13) -> 0
F14: =IF(A14="","",D14-E14) | H14: Benutzerdefinierte Ausgabe 1 | I14: 0 | J14: =IF(H14="","",SUMIF($G$38:$G$998,$I14,$D$38:$D$998)) -> 0 | K14: =IF(H14="","",I14-J14) -> 0
F15: =IF(A15="","",D15-E15) | H15: Benutzerdefinierte Ausgabe 2 | I15: 0 | J15: =IF(H15="","",SUMIF($G$38:$G$998,$I15,$D$38:$D$998)) -> 0 | K15: =IF(H15="","",I15-J15) -> 0
F16: =IF(A16="","",D16-E16) | H16: Benutzerdefinierte Ausgabe 3 | I16: 0 | J16: =IF(H16="","",SUMIF($G$38:$G$998,$I16,$D$38:$D$998)) -> 0 | K16: =IF(H16="","",I16-J16) -> 0
F17: =IF(A17="","",D17-E17) | H17: Benutzerdefinierte Ausgabe 4 | I17: 0 | J17: =IF(H17="","",SUMIF($G$38:$G$998,$I17,$D$38:$D$998)) -> 0 | K17: =IF(H17="","",I17-J17) -> 0
F18: =IF(A18="","",D18-E18) | H18: Benutzerdefinierte Ausgabe 5 | I18: 0 | J18: =IF(H18="","",SUMIF($G$38:$G$998,$I18,$D$38:$D$998)) -> 0 | K18: =IF(H18="","",I18-J18) -> 0
F19: =IF(A19="","",D19-E19) | H19: Benutzerdefinierte Ausgabe 6 | I19: 0 | J19: =IF(H19="","",SUMIF($G$38:$G$998,$I19,$D$38:$D$998)) -> 0 | K19: =IF(H19="","",I19-J19) -> 0
... F21: =IF(A21="","",D21-E21) | H21: Benutzerdefinierte Ausgabe 8 | I21: 0 | J21: =IF(H21="","",SUMIF($G$38:$G$998,$I21,$D$38:$D$998)) -> 0 | K21: =IF(H21="","",I21-J21) -> 0
A22: GESAMT | D22: =SUM(D5:D21) -> 5000 | E22: =SUM(E5:E21) -> 4000 | F22: =IF(A22="","",D22-E22) -> 1000 | H22: GESAMT | I22: =SUM(I5:I21) -> 7000 | J22: =SUM(J5:J21) -> 4000 | K22: =SUM(K5:K21) -> 3000

Sheet Einnahmen- und Transaktions-Tra
A1: RECHNUNGEN UND AUSGABEN
A4: Verdienen DETAILS | G4: TRANSAKTIONS-TRACKER
A5: BEZEICHNUNG DES EINKOMMENS | B5: Column1 | C5: Datum | D5: Erwartet | E5: STRÖMUNG | G5: Datum | H5: BUDGET Name | I5: Menge | J5: Beschreibung
A6: XYZ | C6: 45889 | D6: 5000 | E6: 4000 | G6: 45889 | H6: ABC | I6: 4789 | J6: Bestellung
A7: GFHgh | C7: 45893 | D7: 6000 | E7: 3000
A22: GESAMT | D22: =SUM(D5:D21) -> 11000 | E22: =SUM(E5:E21) -> 7000
G266: GESAMT | I266: =SUBTOTAL(109,I6:I265) -> 4789

Sheet SPAREN UND SCHULDEN.
A1: SPEICHER- UND DEbt-DETAILS
A4: DETAILS SPEICHERN | H4: SCHULD
A5: NAME DER RECHNUNGEN | B5: Column1 | C5: ZWEI | D5: BUDGET | E5: STRÖMUNG | F5: UNTERSCHIEDE. | H5: NAME DER AUSGABEN | I5: BUDGET | J5: STRÖMUNG | K5: UNTERSCHIEDE.
A6: DPS | D6: 1500 | E6: 1200 | F6: =IF(A6="","",D6-E6) -> 300 | H6: DCP | I6: 800 | J6: 450 | K6: =IF(H6="","",I6-J6) -> 350
E7: =IF(B7="","",SUMIF($F$38:$F$998,B7,#REF!)) | F7: =IF(A7="","",D7-E7) | K7: =IF(H7="","",I7-J7)
E8: =IF(B8="","",SUMIF($F$38:$F$998,B8,#REF!)) | F8: =IF(A8="","",D8-E8) | K8: =IF(H8="","",I8-J8)
E9: =IF(B9="","",SUMIF($F$38:$F$998,B9,#REF!)) | F9: =IF(A9="","",D9-E9) | K9: =IF(H9="","",I9-J9)
E10: =IF(B10="","",SUMIF($F$38:$F$998,B10,#REF!)) | F10: =IF(A10="","",D10-E10) | K10: =IF(H10="","",I10-J10)
E11: =IF(B11="","",SUMIF($F$38:$F$998,B11,#REF!)) | F11: =IF(A11="","",D11-E11) | J11: =IF(H11="","",SUMIF($G$38:$G$998,$I11,$D$38:$D$998)) | K11: =IF(H11="","",I11-J11)
E12: =IF(B12="","",SUMIF($F$38:$F$998,B12,#REF!)) | F12: =IF(A12="","",D12-E12) | J12: =IF(H12="","",SUMIF($G$38:$G$998,$I12,$D$38:$D$998)) | K12: =IF(H12="","",I12-J12)
E13: =IF(B13="","",SUMIF($F$38:$F$998,B13,#REF!)) | F13: =IF(A13="","",D13-E13) | J13: =IF(H13="","",SUMIF($G$38:$G$998,$I13,$D$38:$D$998)) | K13: =IF(H13="","",I13-J13)
E14: =IF(B14="","",SUMIF($F$38:$F$998,B14,#REF!)) | F14: =IF(A14="","",D14-E14) | J14: =IF(H14="","",SUMIF($G$38:$G$998,$I14,$D$38:$D$998)) | K14: =IF(H14="","",I14-J14)
E15: =IF(B15="","",SUMIF($F$38:$F$998,B15,#REF!)) | F15: =IF(A15="","",D15-E15) | J15: =IF(H15="","",SUMIF($G$38:$G$998,$I15,$D$38:$D$998)) | K15: =IF(H15="","",I15-J15)
E16: =IF(B16="","",SUMIF($F$38:$F$998,B16,#REF!)) | F16: =IF(A16="","",D16-E16) | J16: =IF(H16="","",SUMIF($G$38:$G$998,$I16,$D$38:$D$998)) | K16: =IF(H16="","",I16-J16)
E17: =IF(B17="","",SUMIF($F$38:$F$998,B17,#REF!)) | F17: =IF(A17="","",D17-E17) | J17: =IF(H17="","",SUMIF($G$38:$G$998,$I17,$D$38:$D$998)) | K17: =IF(H17="","",I17-J17)
E18: =IF(B18="","",SUMIF($F$38:$F$998,B18,#REF!)) | F18: =IF(A18="","",D18-E18) | J18: =IF(H18="","",SUMIF($G$38:$G$998,$I18,$D$38:$D$998)) | K18: =IF(H18="","",I18-J18)
E19: =IF(B19="","",SUMIF($F$38:$F$998,B19,#REF!)) | F19: =IF(A19="","",D19-E19) | J19: =IF(H19="","",SUMIF($G$38:$G$998,$I19,$D$38:$D$998)) | K19: =IF(H19="","",I19-J19)
E20: =IF(B20="","",SUMIF($F$38:$F$998,B20,#REF!)) | F20: =IF(A20="","",D20-E20) | J20: =IF(H20="","",SUMIF($G$38:$G$998,$I20,$D$38:$D$998)) | K20: =IF(H20="","",I20-J20)
E21: =IF(B21="","",SUMIF($F$38:$F$998,B21,#REF!)) | F21: =IF(A21="","",D21-E21) | J21: =IF(H21="","",SUMIF($G$38:$G$998,$I21,$D$38:$D$998)) | K21: =IF(H21="","",I21-J21)
A22: GESAMT | D22: =SUM(D5:D21) -> 1500 | E22: =SUM(E5:E21) -> 1200 | F22: =IF(A22="","",D22-E22) -> 300 | H22: GESAMT | I22: =SUM(I5:I21) -> 800 | J22: =SUM(J5:J21) -> 450 | K22: =SUM(K5:K21) -> 350
